cohdb
Replays
Latest Replays
All Replays
Popular Replays
Top Player Replays
Match Explorer
How It Works
Community
CoH3 Stats
Reddit
Sign in to upload your games and track your stats! →
Sign in with Steam
Match 28238354
Unlisted
Match 28238354
Overview
Messages
Build Orders
End
Construct Barracks
Riflemen Squad
Riflemen Squad
Riflemen Squad
Grenade Package
Riflemen Squad
Infantry Support Center
Riflemen Squad
Construct Motor Pool
Selects Armored Battlegroup
Selects Veteran Crews
Selects Fast Deploy
M24 Chaffee Light Tank
Selects M31 Recovery Vehicle
Advanced Logistics
M8 Greyhound Armored Car
Selects War Machine
Engineer Squad
saynya
Redneck
LittleRocketMan
daidaroszoo
0
0
Comments
sign in to comment!
No comments posted yet!